 Dungeon Crawl Stone Soup version 0.21.1-1-g345015f (webtiles) character file.

501 inc the Cutter (level 7, -2/41 HPs)
             Began as an Octopode Wizard on Apr 27, 2018.
             Was an Initiate of Kikubaaqudgha.
             Killed from afar by kirsanium's ghost (7 damage)
             ... with a puff of flame
             ... on level 4 of the Dungeon.
             The game lasted 00:07:51 (4347 turns).

inc the Cutter (Octopode Wizard)                    Turns: 4347, Time: 00:07:51

Health: -2/41      AC:  4    Str:  6    XL:     7   Next: 17%
Magic:  9/11       EV: 13    Int: 22    God:    Kikubaaqudgha [......]
Gold:   187        SH:  0    Dex: 11    Spells: 7/12 levels left

rFire    + . .     SeeInvis .   g - +3 dagger (pain)
rCold    + . .     Gourm    .   (no shield)
rNeg     . . .     Faith    .   a - +2 hat
rPois    +         Spirit   .   (no amulet)
rElec    +         Reflect  .   d - +1 ring of protection
rCorr    +         Harm     .   (no ring)
MR       .....                  (no ring)
Stlth    +++.......             (no ring)
HPRegen  0.13/turn              (no ring)
MPRegen  0.12/turn              (no ring)
                                (no ring)
                                (no ring)

@: resistant
A: almost no armour, stealthy swim, amphibious, 8 rings, constrict 8, camouflage
1, gelatinous body 1
a: Renounce Religion


You were on level 4 of the Dungeon.
You worshipped Kikubaaqudgha.
Kikubaaqudgha was noncommittal.
You were not hungry.

You visited 2 branches of the dungeon, and saw 6 of its levels.

You collected 341 gold pieces.
You spent 154 gold pieces at shops.

Inventory:

Hand Weapons
 e - a +0 short sword
 g - a +3 dagger of pain (weapon)
Armour
 a - a +2 hat (worn)
Jewellery
 d - a +1 ring of protection (left tentacle)
 q - a cursed amulet of inaccuracy {unknown}
Wands
 p - a wand of paralysis (18)
 t - a wand of acid (12)
Scrolls
 f - 2 scrolls of identify
 j - a scroll of enchant armour
 k - a scroll of fog {unknown}
 l - 3 scrolls of magic mapping
 n - 2 scrolls of teleportation {unknown}
 o - a scroll of noise {unknown}
 r - 2 scrolls of blinking
 u - a scroll of remove curse
Potions
 m - 2 potions of brilliance
 s - a potion of agility
Books
 b - a book of Minor Magic

   Spells                             Type                      Level
   a - Magic Dart                     Conjuration                  1
   b - Blink                          Translocation                2
   c - Call Imp                       Summoning                    2
   d - Slow                           Hexes                        2
   e - Conjure Flame                  Conjuration/Fire             3
   f - Mephitic Cloud                 Conjuration/Poison/Air       3
Comestibles
 c - 3 rations


   Skills:
 - Level 5.3 Short Blades
 - Level 2.0 Dodging
 - Level 2.6 Stealth
 - Level 3.0 Spellcasting
 - Level 4.5 Conjurations
 - Level 1.0 Summonings
 + Level 1.0 Necromancy
 - Level 1.0 Translocations


You had 7 spell levels left.
You knew the following spells:

 Your Spells              Type           Power        Failure   Level  Hunger
a - Magic Dart            Conj           ###.         1%          1    None
b - Blink                 Tloc           N/A          12%         2    ##.....
c - Call Imp              Summ           #.......     12%         2    ##.....


Dungeon Overview and Level Annotations

Branches:
Dungeon (5/15)             Temple (1/1) D:5

Altars:
Ashenzari
Fedhas
Gozag
Kikubaaqudgha
Makhleb
Nemelex Xobeh
Qazlal
Uskayaw
Vehumet
Yredelemnul

Shops:
D:4 ?

Annotations:
D:3 p0werm0de's ghost, amateur DgNe
D:4 kirsanium's ghost, novice DsFE
D:5 Roran's ghost, novice GrFi


Innate Abilities, Weirdness & Mutations

You cannot wear most types of armour.
You are very stealthy in the water. (Stealth+)
You are amphibious.
You can wear up to eight rings at the same time.
You can use your tentacles to constrict eight enemies at once.
Your skin changes colour to match your surroundings (Stealth+).
Your rubbery body absorbs attacks. (AC +1, EV +1)


Message History

Something hits you.
* * * LOW HITPOINT WARNING * * *
Something shocks you. You resist.
* * * LOW HITPOINT WARNING * * *
There is a staircase to the Ecumenical Temple here.
A sky beast appears from thin air!
Reactivating autopickup.
Casting: Magic Dart
Confirm with . or Enter, or press ? or * to list all spells.
Okay, then.
Casting: Magic Dart
Confirm with . or Enter, or press ? or * to list all spells.
You blink.
There is a stone staircase leading up here.
You climb upwards.
Level annotation: kirsanium's ghost, novice DsFE Kirsanium's ghost gestures at you while chanting.
The puff of flame hits you! You resist.
You die...
Kikubaaqudgha rasps: "You have failed me!
Welcome... death!"

#.#################
#.................######
#@................
#.#########.###### #W#
#.# #.# #######.#
#.###.......#
#...........#
#.###.......#####
#................
###........######


You could see kirsanium's ghost.

Vanquished Creatures
  Menkaure (D:4)
  A sky beast (D:5)
  A bullfrog zombie (D:5)
  A crimson imp (D:2)
  A hound (D:5)
  A centaur skeleton (D:4)
  2 worker ants (D:4)
  6 adders
  An ooze (D:2)
  4 worms
  A leopard gecko (D:1)
  2 orcs (D:3)
  4 giant cockroaches
  4 goblins
  3 hobgoblins
  3 jackals (D:1)
  5 kobolds
  A quokka (D:4)
  3 ball pythons
  4 bats (D:1)
  6 frilled lizards
  A quokka skeleton (D:4)
  A quokka zombie (D:5)
  4 rats
61 creatures vanquished.

Notes
Turn   | Place    | Note
-------+----------+-------------------------------------------
     0 | D:1      | inc the Octopode Wizard began the quest for the Orb.
     0 | D:1      | Reached XP level 1. HP: 11/11 MP: 4/4
   229 | D:1      | Reached XP level 2. HP: 16/17 MP: 1/6
  1115 | D:2      | Reached XP level 3. HP: 8/21 MP: 7/7
  1274 | D:2      | Learned a level 2 spell: Blink
  1277 | D:2      | Learned a level 2 spell: Call Imp
  1578 | D:2      | Reached XP level 4. HP: 14/27 MP: 8/8
  2756 | D:3      | Reached XP level 5. HP: 31/31 MP: 2/9
  2859 | D:3      | Noticed p0werm0de's ghost (amateur DgNe)
  3038 | D:3      | Reached skill level 1 in Short Blades
  3144 | D:4      | Reached skill level 2 in Short Blades
  3401 | D:4      | Found Hawaq's Magic Scroll Emporium.
  3407 | D:4      | Reached skill level 3 in Short Blades
  3573 | D:4      | Bought a scroll of blinking for 105 gold pieces
  3582 | D:4      | Reached XP level 6. HP: 32/36 MP: 7/10
  3591 | D:4      | Bought a scroll of magic mapping for 49 gold pieces
  3624 | D:4      | Noticed kirsanium's ghost (novice DsFE)
  3636 | D:4      | Noticed Menkaure
  3645 | D:4      | Killed Menkaure
  3645 | D:4      | Reached skill level 4 in Short Blades
  3662 | D:5      | Entered Level 5 of the Dungeon
  3670 | D:5      | Noticed a sky beast
  3698 | D:5      | Noticed a sky beast
  3701 | D:5      | Found a staircase to the Ecumenical Temple.
  3709 | Temple   | Entered the Ecumenical Temple
  4031 | Temple   | Became a worshipper of Kikubaaqudgha
  4060 | D:5      | Killed a sky beast
  4060 | D:5      | Reached skill level 5 in Short Blades
  4060 | D:5      | Reached XP level 7. HP: 16/41 MP: 11/11
  4075 | D:5      | Noticed Roran's ghost (novice GrFi)
  4092 | D:5      | Reached skill level 1 in Necromancy
  4326 | D:5      | HP: 1/41 [something (6)]
  4347 | D:4      | Killed from afar by kirsanium's ghost

Skill      XL: |  1  2  3  4  5  6  7 |
---------------+----------------------+-----
Conjurations   | 2 3 4 |  4.5
Short Blades   | 3 5 |  5.3
Necromancy     | 1 |  1.0
Dodging        | |  2.0
Stealth        | |  2.6
Spellcasting   | |  3.0
Summonings     | |  1.0
Translocations | |  1.0

Action                   |  1- 3 |  4- 6 |  7- 9 || total
-------------------------+-------+-------+-------++-------
Melee: Unarmed           |    30 |       |       ||    30
       Constrict         |    13 |    15 |     1 ||    29
       Tentacles         |    11 |    15 |       ||    26
       Short sword       |    34 |       |       ||    34
       Dagger            |       |    75 |    10 ||    85
 Cast: Magic Dart        |    41 |    35 |     6 ||    82
       Blink             |       |       |     1 ||     1
  Use: Scroll            |     4 |     3 |       ||     7
       Potion            |       |       |     5 ||     5
 Stab: Sleeping          |     3 |     9 |     1 ||    13
  Eat: Chunk             |       |     5 |       ||     5
       Ration            |       |     1 |     1 ||     2
Armor: Skin              |    10 |     7 |     5 ||    22
Dodge: Dodged            |    46 |    38 |     8 ||    92
